Map: Cyber Forest LE

Players

Ace

  • Race: Terran Terran
  • League: Diamond
  • Spawn Location: 5:00

Ragnon - Winner!

  • Race: Terran Terran
  • League: Diamond
  • Spawn Location: 11:00

VOD

Have the link to the VOD?

Description

Time

  • Played on: May 17, 2019, 10:50 p.m.
  • Length: 8:40
Show
View Real Time Build Order
Export as new Build Order

Ace Terran 

Build Orders: Reaper Expand, Mech 

Get SALT Encoding   

  12  0:01  SCV  
  13  0:13  SCV  
  14  0:17  Supply Depot  
  14  0:25  SCV  
  15  0:38  SCV  
  15  0:39  Barracks  
  16  0:46  Refinery  
  16  0:51  SCV  
  17  1:03  SCV  
  18  1:15  SCV  
  19  1:27  Orbital Command  
  19  1:30  Reaper  
  20  1:50  Command Center  
  20  1:54  SCV  
  21  2:01  Marine  
  21  2:06  SCV  
  23  2:12  Supply Depot  
  23  2:15  Factory  
  23  2:25  Barracks Reactor  
  23  2:31  Refinery  
  23  2:33  SCV  
  24  2:46  SCV  
  25  2:58  SCV  
  26  3:02  Starport, Marine x2  
  26  3:03  Hellion, Orbital Command  
  30  3:07  Bunker  
  30  3:10  SCV  
  29  3:20  Marine x2  
  30  3:31  SCV x2  
  30  3:43  SCV x2  
  30  3:47  Marine x2  
  32  3:49  Hellion  
  32  3:53  Starport Tech Lab  
  32  3:55  SCV x2  
  32  4:07  SCV  
  33  4:15  Marine x2  
  28  4:26  Banshee, Cloaking Field  
  30  4:33  Marine x2, SCV  
  32  4:39  SCV  
  32  4:45  Factory Tech Lab  
  33  4:47  SCV  
  33  4:51  Marine, SCV  
  36  4:55  Supply Depot  
  36  4:58  Bunker  
  36  4:59  Marine  
  37  5:01  SCV  
  37  5:05  Cyclone  
  41  5:09  Banshee, SCV  
  41  5:13  SCV  
  46  5:21  Marine x2  
  48  5:22  SCV  
  48  5:25  SCV  
  50  5:34  SCV  
  51  5:37  SCV  
  51  5:39  Command Center  
  52  5:45  Supply Depot  
  52  6:00  Marine x2, SCV  
  52  6:01  SCV  
  53  6:06  Raven  
  53  6:11  Refinery  
  55  6:12  Refinery  
  55  6:15  Armory, SCV x2  
  57  6:19  Marine x2  
  57  6:23  Siege Tank  
  62  6:50  Raven, Marine, SCV x2  
  62  6:51  Engineering Bay  
  62  6:52  Supply Depot  
  67  6:56  Marine  
  67  6:57  Orbital Command  
  68  7:02  Factory, SCV x2  
  68  7:06  Factory  
  70  7:09  Supply Depot  
  70  7:14  SCV  
  71  7:17  Marine  
  71  7:21  Siege Tank  
  75  7:37  Marine  
  75  7:38  Marine  
  77  7:54  Siege Tank  
  77  7:55  Marine x2  
  63  8:11  Hellion x2  
  62  8:13  Marine x2  
Show
View Real Time Build Order
Export as new Build Order

Ragnon Terran - Winner!

Build Orders:  

Get SALT Encoding   

  12  0:01  SCV  
  13  0:13  SCV  
  14  0:17  Supply Depot  
  14  0:27  SCV  
  15  0:28  Refinery  
  15  0:39  SCV  
  16  0:51  SCV  
  16  0:52  Barracks  
  16  0:57  Refinery  
  17  1:03  SCV  
  18  1:15  SCV  
  19  1:38  Orbital Command  
  19  1:39  Reaper  
  20  1:43  Factory  
  20  1:55  Supply Depot  
  20  2:06  SCV  
  21  2:11  Reaper  
  21  2:18  SCV  
  24  2:30  Hellion, SCV  
  25  2:39  Command Center  
  25  2:43  SCV, Reaper  
  27  2:53  Starport  
  27  2:56  Hellion  
  30  2:58  SCV  
  30  3:11  Supply Depot  
  30  3:24  Marine  
  31  3:28  Hellion  
  31  3:30  SCV  
  31  3:31  Starport Tech Lab  
  31  3:53  Barracks Reactor  
  31  3:54  Factory Tech Lab  
  29  3:58  Raven, SCV  
  32  4:03  Orbital Command  
  32  4:10  SCV  
  32  4:26  SCV  
  32  4:27  Cyclone  
  35  4:37  SCV  
  35  4:38  SCV  
  36  4:49  SCV  
  36  4:50  SCV  
  36  4:54  Starport Reactor  
  36  4:55  Barracks x2  
  36  4:56  Refinery  
  36  5:00  Cyclone  
  36  5:01  SCV  
  36  5:02  SCV  
  36  5:06  Stimpack  
  41  5:07  Marine  
  41  5:13  SCV  
  43  5:14  SCV  
  43  5:19  Command Center  
  44  5:25  SCV  
  44  5:26  Marine, SCV  
  47  5:36  Engineering Bay  
  47  5:38  SCV x2, Engineering Bay  
  47  5:40  Starport Reactor  
  47  5:41  Siege Tank  
  52  5:50  SCV  
  52  6:01  SCV  
  52  6:02  SCV  
  54  6:08  Terran Infantry Weapons Level 1, Terran Infantry Armor Level 1  
  54  6:09  Supply Depot x2  
  54  6:27  Refinery  
  54  6:28  Marine  
  54  6:30  Medivac, Siege Tank, Marine x4, SCV x2  
  63  6:42  SCV  
  64  6:50  SCV  
  64  6:51  Orbital Command  
  65  6:54  SCV  
  65  6:56  Armory, Marine x5  
  71  7:02  Siege Tank, SCV  
  71  7:06  SCV  
  76  7:13  Marine  
  76  7:14  Marine x4  
  81  7:18  Missile Turret  
  81  7:20  Missile Turret  
  78  7:31  Marine x3  
  78  7:32  Marine x2  
  68  8:14  Marine x5  
Tags
 
Composition
Mech
Matchup
TvT
Race
Terran
Spawn Locations
Cross Positions
Add a new tag
Caveats
  • Supply blocks, unpowered buildings, or Contaminate may cause inaccurate times.
  • Supply counts are checked every 10 seconds.